 Dungeon Crawl Stone Soup version 0.31-a0-609-g7bf6ffcfed (webtiles) character file.

Game seed: 3436850467525742488

685 innerfire43 the Ruffian (level 7, -14/53 HPs)
             Began as a Gnoll Shapeshifter on Aug 21, 2023.
             Was an Initiate of Gozag.
             Demolished by an ogre
             ... wielding a +0 giant club
              (20 damage)
             ... on level 5 of the Dungeon.
             The game lasted 00:04:23 (3972 turns).

innerfire43 the Ruffian (Gnoll Shapeshifter)        Turns: 3972, Time: 00:04:24

Health: -14/53     AC:  3    Str: 16    XL:     7   Next: 62%
Magic:  9/9        EV: 14    Int:  7    God:    Gozag
Gold:   327        SH:  0    Dex: 13    Spells: 11/11 levels left

rFire   . .          .
                       - Unarmed
rCold   . . .        (shield currently unavailable)
rNeg    . . .        a - +0 animal skin
rPois   +            q - +1 hat
rElec   .            (no cloak)
rCorr   .            (no gloves)
SInv    .            (no boots)
Will    +....        (no amulet)
Stlth   +            l - ring of poison resistance
HPRegen 0.28/turn    (no ring)
MPRegen 0.11/turn

%: clarity
@: brilliant, flux-form, enlightened, flying, hasted, glowing, very quick
A: glow, contaminating, fangs 1, strong nose, distributed training, clarity, low
MP 1, sturdy frame 1
a: Begin Untransformation, Renounce Religion, Potion Petition, Call Merchant,
Bribe Branch


You were on level 5 of the Dungeon.
You worshipped Gozag.
Gozag was aware of your devotion.
You were something dangerously unstable.
You visited 1 branch of the dungeon, and saw 5 of its levels.

You collected 327 gold pieces.

Inventory:

Armour
 a - a +0 animal skin (worn)
 q - a +1 hat (worn)
 r - a +0 scale mail
Magical Staves
 m - a staff of conjuration
Jewellery
 l - a ring of poison resistance (left hand)
Talismans
 c - a beast talisman
 d - a flux talisman (active)
 t - a flux talisman (active)
Wands
 v - a wand of paralysis (7)
Scrolls
 f - 4 scrolls of teleportation {unknown}
 g - a scroll of vulnerability {unknown}
 h - 2 scrolls of identify {unknown}
 i - a scroll of poison {unknown}
 o - 2 scrolls of revelation {unknown}
 p - a scroll of blinking {unknown}
 s - a scroll of silence {unknown}
 u - a scroll of fog {unknown}
Potions
 b - a potion of lignification
 e - a potion of enlightenment
 k - a potion of brilliance
 n - a potion of haste


   Skills:
 + Level 3.7 Fighting
 + Level 2.6 Short Blades
 + Level 2.6 Long Blades
 + Level 2.6 Axes
 + Level 2.6 Maces & Flails
 + Level 2.6 Polearms
 + Level 2.6 Staves
 + Level 2.6 Ranged Weapons
 + Level 2.6 Throwing
 + Level 2.6 Armour
 + Level 5.3 Dodging
 + Level 2.6 Stealth
 + Level 2.6 Shields
 + Level 7.1 Unarmed Combat
 + Level 2.6 Spellcasting
 + Level 2.1 Conjurations
 + Level 2.1 Hexes
 + Level 2.1 Summonings
 + Level 2.1 Necromancy
 + Level 2.1 Translocations
 + Level 2.1 Transmutations
 + Level 2.1 Fire Magic
 + Level 2.1 Ice Magic
 + Level 2.1 Air Magic
 + Level 2.1 Earth Magic
 + Level 2.1 Poison Magic
 + Level 3.0 Invocations
 + Level 2.6 Evocations
 + Level 6.9 Shapeshifting


You had 11 spell levels left.
You didn't know any spells.
Your spell library was empty.

Dungeon Overview and Level Annotations

Branches:
Dungeon (5/15)             Temple (0/1) D:4

Altars:
Cheibriados
Gozag
Makhleb

Shops:
D:4 =

Annotations:
D:3 Jessica


Innate Abilities, Weirdness & Mutations

You are something dangerously unstable.
You glow with magical radiation, making you easy to see and hit.
Foes you strike become dangerously contaminated with magical radiation.
You are incapable of wielding weapons or throwing items.
You have very sharp teeth.
Your uncanny sense of smell can sniff out nearby items.
Your experience applies equally to all skills.
You possess an exceptional clarity of mind.
Your magical capacity is low. (-10% MP)
Your movements are slightly less encumbered by armour. (ER -2)


Message History

There is a stone staircase leading down here.
Key pressed, stopping explore.
No target in view!
Unknown command.
Key pressed, stopping explore.
No target in view!
Unknown command.
An ogre comes into view. It is wielding a +0 giant club.
The ogre shouts!
Unknown command.
An ogre is nearby!
Found a kite shield.
Unknown command.
An ogre is nearby!
The ogre hits you with a +0 giant club!!
Ouch! That really hurt!
Unknown command.
An ogre is nearby!
You are too injured to fight recklessly!
Unknown command.
An ogre is nearby!
You are too injured to fight recklessly!
You barely miss the ogre. You closely miss the ogre.
The ogre hits you with a +0 giant club!
* * * LOW HITPOINT WARNING * * *
You hit the ogre.
The ogre begins to glow.
The ogre is lightly wounded.
It was a potion of enlightenment.
You feel very buoyant.
You fly up into the air.
The ogre completely misses you.
It was a potion of brilliance.
You feel clever all of a sudden. The ogre completely misses you.
It was a potion of mutation.
You feel extremely strange.
You feel less encumbered by your armour.
You feel less energetic.
Your thoughts seem clearer.
It was a potion of haste.
You feel yourself speed up.
The ogre hits you with a +0 giant club!!
You die...
Your body crumbles into a pile of gold.

............###.#
^...........# #.#
###'#.#.....# #.#
..#.#.#.....# #.#
#.#.#.#.....###############
..#.#.#...................#
###.#.#....#############.##
....#.#...............[#.#
#####.#.........BO...# #.#
#..........#...# #.#
#######.#.#####.#.#.#.#
..>.....#.......# #.#.#
#........<....# #.#.#
#................ #.#.#
#.............### #.#.#
#.............#####.#.#
..............+.....#.#


You could see an ogre (contam).

Vanquished Creatures
  A water moccasin (D:5)
  An ice beast (D:4)
  A scorpion (D:5)
  A howler monkey (D:5)
  4 hounds
  An orc priest (D:4)
  An iguana (D:4)
  A sleepcap (D:5)
  Terence (D:3)
  3 gnolls (D:2)
  3 adders
  4 worms
  2 dart slugs (D:1)
  9 orcs
  8 ball pythons
  8 bats
  7 endoplasms
  5 giant cockroaches
  9 goblins
  6 hobgoblins
  2 jackals (D:1)
  6 kobolds
  6 quokkas
  3 frilled lizards
  5 rats
98 creatures vanquished.

Notes
Turn   | Place    | Note
-------+----------+-------------------------------------------
     0 | D:1      | innerfire43 the Gnoll Shapeshifter began the quest for the
                  | Orb.
     0 | D:1      | Reached XP level 1. HP: 17/17 MP: 1/1
   112 | D:1      | Reached XP level 2. HP: 23/23 MP: 2/2
   347 | D:1      | Reached XP level 3. HP: 28/28 MP: 3/3
   488 | D:1      | Reached skill level 1 in Invocations
   858 | D:2      | Reached skill level 1 in Short Blades
   858 | D:2      | Reached skill level 1 in Long Blades
   858 | D:2      | Reached skill level 1 in Axes
   858 | D:2      | Reached skill level 1 in Maces & Flails
   858 | D:2      | Reached skill level 1 in Polearms
   858 | D:2      | Reached skill level 1 in Staves
   858 | D:2      | Reached skill level 1 in Ranged Weapons
   858 | D:2      | Reached skill level 1 in Throwing
   858 | D:2      | Reached skill level 1 in Armour
   858 | D:2      | Reached skill level 1 in Stealth
   858 | D:2      | Reached skill level 1 in Shields
   858 | D:2      | Reached skill level 1 in Spellcasting
   858 | D:2      | Reached skill level 1 in Evocations
   898 | D:2      | Reached XP level 4. HP: 33/34 MP: 5/5
   960 | D:2      | Reached skill level 1 in Conjurations
   960 | D:2      | Reached skill level 1 in Hexes
   960 | D:2      | Reached skill level 1 in Summonings
   960 | D:2      | Reached skill level 1 in Necromancy
   960 | D:2      | Reached skill level 1 in Translocations
   960 | D:2      | Reached skill level 1 in Transmutations
   960 | D:2      | Reached skill level 1 in Fire Magic
   960 | D:2      | Reached skill level 1 in Ice Magic
   960 | D:2      | Reached skill level 1 in Air Magic
   960 | D:2      | Reached skill level 1 in Earth Magic
   960 | D:2      | Reached skill level 1 in Poison Magic
  1830 | D:3      | Reached XP level 5. HP: 40/40 MP: 5/7
  1915 | D:3      | Found a faded altar of an unknown god.
  2082 | D:3      | Noticed Jessica
  2083 | D:3      | Found a burning altar of Makhleb.
  2089 | D:3      | Prayed at the altar of an unknown god.
  2089 | D:3      | Became a worshipper of Gozag Ym Sagoz the Greedy
  2567 | D:3      | Noticed Terence
  2574 | D:3      | Killed Terence
  2769 | D:4      | Found a staircase to the Ecumenical Temple.
  2835 | D:4      | Reached XP level 6. HP: 35/47 MP: 8/8
  2934 | D:4      | Found Nuril's Jewellery Boutique.
  3314 | D:4      | Noticed an ice beast
  3321 | D:4      | Killed an ice beast
  3322 | D:4      | Reached skill level 5 in Dodging
  3661 | D:5      | Entered Level 5 of the Dungeon
  3725 | D:5      | Reached skill level 7 in Unarmed Combat
  3725 | D:5      | Reached XP level 7. HP: 42/52 MP: 10/10
  3867 | D:5      | Found a snail-covered altar of Cheibriados.
  3971 | D:5      | Gained mutation: Your movements are slightly less
                  | encumbered by armour. (ER -2) [potion of mutation]
  3971 | D:5      | Gained mutation: Your magical capacity is low. (-10% MP)
                  | [potion of mutation]
  3971 | D:5      | Gained mutation: You possess an exceptional clarity of
                  | mind. [potion of mutation]
  3972 | D:5      | Demolished by an ogre

Illustrated notes

Levels and vault maps discovered:
D:1:      lemuel_arrival_rhombus, layout_loops_ring, minmay_misc_feat_diagonals
D:2:      layout_basic, minmay_between
D:3:      layout_loops_ring, nicolae_overflow_ecumenical_swirl,
          hangedman_glass_teeth, kennysheep_generic_room_15, uniq_jessica,
          uniq_terence
D:4:      layout_basic, minmay_temple_entry_sparse_star, serial_shops,
          kennysheep_mini, kennysheep_small_circle, uniq_pikel
D:5:      layout_basic, overflow_temple_1_default, amcnicky_altar_gilded

Skill      XL: |  1  2  3  4  5  6  7 |
---------------+----------------------+-----
Invocations    | 1 2 3 |  3.0
Short Blades   | 1 2 |  2.6
Long Blades    | 1 2 |  2.6
Axes           | 1 2 |  2.6
Maces & Flails | 1 2 |  2.6
Polearms       | 1 2 |  2.6
Staves         | 1 2 |  2.6
Ranged Weapons | 1 2 |  2.6
Throwing       | 1 2 |  2.6
Armour         | 1 2 |  2.6
Stealth        | 1 2 |  2.6
Shields        | 1 2 |  2.6
Spellcasting   | 1 2 |  2.6
Evocations     | 1 2 |  2.6
Conjurations   | 1 2 |  2.1
Hexes          | 1 2 |  2.1
Summonings     | 1 2 |  2.1
Necromancy     | 1 2 |  2.1
Translocations | 1 2 |  2.1
Transmutations | 1 2 |  2.1
Fire Magic     | 1 2 |  2.1
Ice Magic      | 1 2 |  2.1
Air Magic      | 1 2 |  2.1
Earth Magic    | 1 2 |  2.1
Poison Magic   | 1 2 |  2.1
Fighting       | 3 |  3.7
Dodging        | 5 |  5.3
Unarmed Combat | 7 |  7.1
Shapeshifting  | |  6.9

Action                     |  1- 3 |  4- 6 |  7- 9 || total
---------------------------+-------+-------+-------++-------
  Melee: Unarmed           |    90 |   180 |    20 ||   290
         Bite              |     7 |    23 |     3 ||    33
    Use: Potion            |       |       |     4 ||     4
 Armour: Animal skin       |    21 |    20 |     3 ||    44
  Dodge: Dodged            |    54 |    97 |    15 ||   166
   Form: Flux              |     1 |       |       ||     1

Table legend: (Time is in decaauts)
 A = Elapsed time spent in this place.
 B = Non-inter-level travel time spent in this place.
 C = Inter-level travel time spent in this place.
 D = Time resting spent in this place.
 E = Time spent auto-exploring this place.
 F = Levels seen in this place.
 G = Mean time per level.
                   A        B        C        D        E       F      G
               +--------+--------+--------+--------+--------+-----+--------+
         Total |   3934 |   3715 |    219 |      0 |   3100 |   5 |  786.8 |
       Dungeon |   3934 |   3715 |    219 |      0 |   3100 |   5 |  786.8 |
               +--------+--------+--------+--------+--------+-----+--------+

Top non-repeatable levels by time:
     D:3: 1056 daAuts
     D:2: 930 daAuts
     D:4: 883 daAuts
     D:1: 756 daAuts
     D:5: 306 daAuts
